 Dungeon Crawl Stone Soup version 0.30-a0-779-g7971cf19c3 (webtiles) character file.

Game seed: 4393629544639653953

3 theswoord the Shooter (level 1, 0/19 HPs)
             Began as a Naga Hunter on Feb 17, 2023.
             Slain by a goblin
             ... wielding a +0 dagger
              (4 damage)
             ... on level 1 of the Dungeon.
             The game lasted 00:00:07 (25 turns).

theswoord the Shooter (Naga Hunter)                   Turns: 25, Time: 00:00:08

Health: 0/19       AC:  1    Str: 13    XL:     1   Next: 50%
Magic:  1/1        EV:  9    Int:  9    God:
Gold:   0          SH:  0    Dex: 14    Spells: 0/0 levels left

rFire   . . .      SeeInvis +    a - +0 shortbow
rCold   . . .      Faith    .    (shield currently unavailable)
rNeg    . . .      Spirit   .    c - +0 leather armour
rPois   +          Reflect  .    (no helmet)
rElec   .          Harm     .    (no cloak)
rCorr   .          Rampage  .    (no gloves)
Will    .....                    (no barding)
Stlth   ++                       (no amulet)
HPRegen 0.23/turn                (no ring)
MPRegen 0.07/turn                (no ring)

@: very slow
A: AC +0, large, see invisible, deformed body, poison resistance, slowness 2,
spit poison 1, naga tail 1
a: Spit Poison


You were on level 1 of the Dungeon.
You visited 1 branch of the dungeon, and saw 1 of its levels.

Inventory:

Hand Weapons
 a - a +0 shortbow (weapon)
Armour
 c - a +0 leather armour (worn)
Scrolls
 b - a scroll of immolation


   Skills:
 - Level 2.0 Fighting
 + Level 3.8 Ranged Weapons
 - Level 1.5 Dodging
 - Level 1.5 Stealth


You couldn't memorise any spells.
You didn't know any spells.
Your spell library was empty.

Dungeon Overview and Level Annotations

Branches:
Dungeon (1/15)

Altars:

Shops:
D:1 :


Innate Abilities, Weirdness & Mutations

Your serpentine skin is tough. (AC +0)
You have supernaturally acute eyesight. (SInv)
Armour fits poorly on your strangely shaped body.
Your system is resistant to poisons. (rPois)
You cover ground very slowly.
You can spit poison.
You have a snake-like lower body.


Message History

The endoplasm quivers.
You shoot an arrow. The arrow hits the endoplasm.
You kill the endoplasm!
No target in view!
No target in view!
No target in view!
No target in view!
No target in view!
Found a mace.
A kobold and 2 goblins come into view.
Found Loov's Vocational Training.
The goblin shouts! x2
A quokka comes into view.
There are monsters nearby!
You shoot an arrow. The kobold shouts!
The arrow hits the goblin.
There are monsters nearby!
There are monsters nearby!
There are monsters nearby!
You shoot an arrow. The arrow closely misses the goblin.
You shoot an arrow. The arrow closely misses the goblin.
You shoot an arrow. The arrow hits the goblin!
You kill the goblin!
A ball python comes into view.
The quokka bites you.
You shoot an arrow. The arrow closely misses the quokka.
The ball python hisses angrily.
The goblin hits you with a +0 dagger. The quokka bites you.
* * * LOW HITPOINT WARNING * * *
The kobold hits you with a +0 club.
* * * LOW HITPOINT WARNING * * *
The goblin hits you with a +0 dagger.
* * * LOW HITPOINT WARNING * * *
You shoot an arrow.
The arrow hits the quokka but does no damage.
The quokka bites you.
* * * LOW HITPOINT WARNING * * *
The kobold barely misses you. The goblin hits you with a +0 dagger.
You die...

...#### ....... ########
..⌠...⌠ ###......###
....∩.. ##..........##
..⌠...⌠ #.....#####..##
..$.. ##....#.....#...
###.#.r##....#.......#..
......g@....#....<....#.
.)....K..##..#.......#..
.......#.###..#.....#...
...............#####....
...S...#..####... ....
.......##.. #.... ..##
....... ##. .## ###
..?.... ..


You could see a quokka, a goblin, a ball python and a kobold.

Vanquished Creatures
  An endoplasm (D:1)
  A goblin (D:1)
  A frilled lizard (D:1)
3 creatures vanquished.

Notes
Turn   | Place    | Note
-------+----------+-------------------------------------------
     0 | D:1      | theswoord the Naga Hunter began the quest for the Orb.
     0 | D:1      | Reached XP level 1. HP: 19/19 MP: 1/1
    19 | D:1      | Found Loov's Vocational Training.
    25 | D:1      | Slain by a goblin

Action                     || total
---------------------------++-------
   Fire: Shortbow          ||     9
  Dodge: Dodged            ||     1

Levels and vault maps discovered:
D:1:      scummos_arrival_hexagon, layout_rooms, basic_ecumenical_altar,
          nicolae_shop_vocational
